 Dungeon Crawl Stone Soup version 0.31-a0-726-g3c93526463 (webtiles) character file.

Game seed: 16030846481972538142

1780 Descartes the Shield-Bearer (level 9, -8/71 HPs)
             Began as a Formicid Fighter on Sept 11, 2023.
             Mangled by an ogre
             ... wielding a +0 giant spiked club
              (13 damage)
             ... on level 6 of the Dungeon.
             The game lasted 00:07:54 (6137 turns).

Descartes the Shield-Bearer (Formicid Fighter)      Turns: 6137, Time: 00:07:55

Health: -8/71      AC: 11    Str: 25    XL:     9   Next: 29%
Magic:  9/9        EV:  7    Int:  8    God:
Gold:   511        SH: 10    Dex: 13    Spells: 8/8 levels left

rFire   . . .        a - +0 war axe
rCold   . . .        i - +0 kite shield
rNeg    . . .        v - +0 chain mail
rPois   .            (helmet unavailable)
rElec   .            D - +0 cloak
rCorr   .            (no gloves)
SInv    +            (no boots)
Will    .....        (no amulet) Stlth
                     (no ring)
HPRegen 0.31/turn    (no ring)
MPRegen 0.11/turn

%: no passive effects
@: lethally poisoned (-8 -> -16)
A: permanent stasis, dig shafts and tunnels, antennae 3, four strong arms
a: Dig, Shaft Self


You were on level 6 of the Dungeon.
You visited 1 branch of the dungeon, and saw 6 of its levels.
You also visited: Sewer and Ossuary.

You collected 511 gold pieces.

Inventory:

Hand Weapons
 a - a +0 war axe (weapon)
 w - a +1 dagger of holy wrath
 x - a +2 short sword of electrocution
Missiles
 g - 7 poisoned darts
 y - 3 boomerangs
 B - 6 curare-tipped darts
 G - 3 javelins
Armour
 i - a +0 kite shield (worn)
 v - a +0 chain mail (worn)
 D - a +0 cloak (worn)
Jewellery
 K - a +4 ring of slaying
Wands
 E - a wand of acid (23)
Scrolls
 c - a scroll of torment {unknown}
 e - 2 scrolls of fog {unknown}
 h - a scroll of butterflies {unknown}
 j - a scroll of amnesia {unknown}
 k - 7 scrolls of identify {unknown}
 l - 2 scrolls of teleportation {unknown}
 m - a scroll of vulnerability {unknown}
 u - a scroll of noise {unknown}
 C - a scroll of immolation {unknown}
 H - a scroll of fear {unknown}
 I - a scroll of blinking {unknown}
 J - a scroll of acquirement {unknown}
Potions
 b - 2 potions of ambrosia {unknown}
 d - 2 potions of might
 f - 3 potions of brilliance {unknown}
 n - 3 potions of mutation {unknown}
 o - 2 potions of haste
 p - 2 potions of lignification {unknown}
 q - 3 potions of curing {unknown}
 r - a potion of attraction {unknown}
 s - a potion of heal wounds {unknown}
 t - 2 potions of resistance {unknown}
 z - 2 potions of enlightenment {unknown}
 A - a potion of degeneration {unknown}
 F - a potion of magic {unknown}


   Skills:
 + Level 6.4 Fighting
 + Level 5.4 Axes
 + Level 6.5 Armour
 + Level 7.8 Shields
 + Level 5.7 Earth Magic


You had 8 spell levels left.
You didn't know any spells.
Your spell library contained the following spells:

 Spells                   Type           Power      Damage    Failure   Level
 Sandblast                Erth           18%        2d7       36%         1
 Passwall                 Tmut/Erth      3%         N/A       87%         2
 Stone Arrow              Conj/Erth      8%         3d7       98%         3
 Haunt                    Necr/Summ      0%         N/A       100%        7
 Borgnjor's Revivificati  Necr           0%         N/A       100%        8
 Death's Door             Necr           0%         N/A       100%        9


Dungeon Overview and Level Annotations

Branches:
Dungeon (6/15)              Sewer (visited)         Ossuary (visited)
 Temple: D:4-7

Altars:
Ashenzari

Shops:
D:2 :   D:6 (


Innate Abilities, Weirdness & Mutations

You cannot be hasted, slowed, berserked, paralysed or teleported.
You can dig through walls and to a lower floor.
You have a pair of large antennae on your head. (SInv)
Your four strong arms can wield two-handed weapons with a shield.


Message History

A sleepcap comes into view.
The scorpion attacks as it pursues you! You block the scorpion's attack.
You hit the sleepcap.
The sleepcap is moderately damaged.
You closely miss the scorpion. The scorpion stings you.
You are poisoned.
The scorpion poisons you!
The sleepcap releases spores at you but does no damage.
You hit the sleepcap.
The sleepcap is moderately damaged.
You slash the scorpion!
You feel very sick.
The scorpion stings you but does no damage.
The sleepcap barely misses you. You block the scorpion's attack.
Unknown command.
You hit the sleepcap.
The sleepcap is heavily damaged.
You hit the scorpion.
You feel very sick.
The sleepcap releases spores at you but does no damage.
The scorpion stings you but does no damage.
The sleepcap releases spores at you.
* * * LOW HITPOINT WARNING * * *
You block the scorpion's attack.
You slash the sleepcap!
The sleepcap is almost destroyed.
You barely miss the scorpion.
You feel sick. The scorpion stings you.
* * * LOW HITPOINT WARNING * * *
You are lethally poisoned!
The scorpion poisons you! You block the sleepcap's attack.
Unknown command.
You hit the sleepcap but do no damage.
The sleepcap is almost destroyed.
You slash the scorpion!
You kill the scorpion!
* * * LOW HITPOINT WARNING * * *
You feel very sick. The sleepcap barely misses you.
The ogre hits you with a +0 giant spiked club!
You die...

#....'..o..........
##...####...#######
......## ##†)#
#.....## ##.#
##...# #.# ##+#
####{# #.# #oW.{#
#.#######O####
##.#.....#@#
##....###.#f#
#.....# #.#.#
######....###.#.#
................#
#######.#.###.###
#.#.# #.# #.#.# #.#
########.#.. ..#


You could see an ogre, a phantom, a sleepcap and an orc.

Vanquished Creatures
  A water moccasin (Sewer)
  An ice beast (D:3)
  An orc warrior (D:4)
  A black bear (D:6)
  A sky beast (D:6)
  An ogre (D:6)
  2 phantoms
  3 elf zombies (Ossuary)
  2 scorpions
  An orc priest (D:4)
  3 centaur zombies (Ossuary)
  2 hounds
  2 human zombies (Ossuary)
  2 jellies (D:5)
  Jessica (D:2)
  3 iguanas
  3 orc wizards
  Natasha (twice) (D:4)
  A hound zombie (Ossuary)
  3 mummies (Ossuary)
  4 gnolls
  5 adders
  A shadow imp (D:5)
  3 adder zombies (Ossuary)
  3 dart slugs
  4 worms
  15 orcs
  8 ball pythons
  5 endoplasms
  A giant cockroach (D:1)
  3 goblins
  10 hobgoblins
  4 quokkas
  8 bats
  2 frilled lizards
  A gnoll zombie (Ossuary)
  3 goblin zombies (Ossuary)
  5 hobgoblin zombies (Ossuary)
  2 jackal zombies (Ossuary)
  7 kobolds
  3 kobold zombies
  3 orc zombies (Ossuary)
  2 quokka zombies (Ossuary)
  2 rats (D:1)
  3 rat zombies (Ossuary)
143 creatures vanquished.

Notes
Turn   | Place    | Note
-------+----------+-------------------------------------------
     0 | D:1      | Descartes the Formicid Fighter began the quest for the Orb.
     0 | D:1      | Reached XP level 1. HP: 18/18 MP: 1/1
     6 | D:1      | Noticed a scorpion
     6 | D:1      | Noticed a wolf
     6 | D:1      | Noticed a black mamba
     7 | D:1      | Noticed a polar bear
   140 | D:1      | Found a faded altar of an unknown god.
   278 | D:1      | Reached XP level 2. HP: 24/24 MP: 2/2
   482 | D:1      | Reached XP level 3. HP: 29/29 MP: 3/3
   982 | D:2      | Found Gyxtauru's Book Emporium.
  1111 | D:2      | Reached skill level 1 in Earth Magic
  1136 | D:2      | Reached XP level 4. HP: 27/37 MP: 4/4
  1451 | D:2      | Noticed Jessica
  1454 | D:2      | Killed Jessica
  1920 | D:3      | Noticed an ice beast
  1932 | D:3      | Killed an ice beast
  1933 | D:3      | Reached skill level 5 in Shields
  1933 | D:3      | Reached XP level 5. HP: 32/42 MP: 5/5
  2801 | D:4      | Reached XP level 6. HP: 42/48 MP: 6/6
  2856 | D:4      | Found a sand-covered staircase.
  2862 | Ossuary  | Entered an ossuary
  3083 | Ossuary  | Reached XP level 7. HP: 32/55 MP: 7/7
  3322 | Ossuary  | Reached skill level 5 in Armour
  3322 | Ossuary  | Reached skill level 6 in Shields
  3335 | Ossuary  | Reached skill level 5 in Fighting
  3656 | D:4      | Reached XP level 8. HP: 24/62 MP: 8/8
  4290 | D:4      | Noticed Natasha
  4298 | D:4      | Killed Natasha
  4551 | D:4      | Noticed Natasha
  4559 | D:4      | Killed Natasha
  4782 | D:5      | Entered Level 5 of the Dungeon
  4788 | D:5      | Found a broken altar of Ashenzari.
  4881 | D:5      | Reached skill level 7 in Shields
  5188 | D:5      | Found a glowing drain.
  5221 | Sewer    | Entered a sewer
  5302 | Sewer    | Reached skill level 5 in Axes
  5302 | Sewer    | Reached skill level 5 in Earth Magic
  5722 | D:6      | Found Wyiruk's Weapon Shoppe.
  5739 | D:6      | Reached XP level 9. HP: 69/69 MP: 9/9
  6137 | D:6      | Mangled by an ogre

Illustrated notes

Levels and vault maps discovered:
D:1:      onia_arrival_zoo_common, layout_loops_cross,
          chequers_ecumenical_altar_grove, chequers_serial_rivers_micro_b,
          nicolae_grassy_gnolls
D:2:      layout_basic, serial_shops, shop, uniq_jessica
D:3:      layout_basic
D:4:      layout_loops_ring, enter_ossuary_3, guppyfry_early_orc_mine,
          uniq_natasha
D:5:      layout_basic, nicolae_ashenzari_panopticon,
          cheibrodos_sewer_entry_bend
D:6:      layout_loops_corners, serial_shops, nicolae_shop_hallway_stairs,
          minmay_circle_x

Skill      XL: |  1  2  3  4  5  6  7  8 |
---------------+-------------------------+-----
Earth Magic    | 1 2 3 5 |  5.7
Fighting       | 4 5 6 |  6.4
Axes           | 3 4 5 |  5.4
Armour         | 4 5 6 |  6.5
Shields        | 5 6 7 |  7.8

Action                     |  1- 3 |  4- 6 |  7- 9 || total
---------------------------+-------+-------+-------++-------
  Melee: War axe           |    71 |   149 |   327 ||   547
 Armour: Scale mail        |    45 |   127 |    38 ||   210
         Chain mail        |       |       |   191 ||   191
  Dodge: Dodged            |    31 |    61 |    93 ||   185
  Block: Buckler           |    19 |       |       ||    19
         Kite shield       |       |    86 |   159 ||   245

Table legend: (Time is in decaauts)
 A = Elapsed time spent in this place.
 B = Non-inter-level travel time spent in this place.
 C = Inter-level travel time spent in this place.
 D = Time resting spent in this place.
 E = Time spent auto-exploring this place.
 F = Levels seen in this place.
 G = Mean time per level.
                   A        B        C        D        E       F      G
               +--------+--------+--------+--------+--------+-----+--------+
         Total |   6362 |   6032 |    330 |      0 |   4512 |   8 |  795.2 |
       Dungeon |   5400 |   5070 |    330 |      0 |   3907 |   6 |  900.0 |
         Sewer |    201 |    201 |      0 |      0 |    155 |   1 |  201.0 |
       Ossuary |    759 |    759 |      0 |      0 |    450 |   1 |  759.0 |
               +--------+--------+--------+--------+--------+-----+--------+

Top non-repeatable levels by time:
     D:4: 1352 daAuts
     D:1: 992 daAuts
     D:3: 967 daAuts
     D:2: 873 daAuts
     D:5: 783 daAuts
 Ossuary: 759 daAuts
     D:6: 431 daAuts
   Sewer: 201 daAuts
